 Dungeon Crawl Stone Soup version 0.32-a0-918-g0f22ef8d61 (webtiles) character file.

Game seed: 17022851571274388834

4991 MachoJfn the Covert (level 10, -4/75 HPs)
             Began as a Demonspawn Fighter on Apr 10, 2024.
             Was a Follower of Dithmenos.
             Killed from afar by an efreet (23 damage)
             ... with a fireball
             ... on level 9 of the Dungeon.
             The game lasted 00:30:33 (10347 turns).

MachoJfn the Covert (Demonspawn Fighter)           Turns: 10347, Time: 00:30:40

Health: -4/75      AC:  8    Str: 19      XL:     10   Next: 29%
Magic:  0/10       EV: 19    Int:  7 (9)  God:    Dithmenos [*.....]
Gold:   598        SH:  0    Dex: 20 (24) Spells: 9/9 levels left

rFire   . . .        c - +3 dagger (venom)
rCold   . . .        e - orb {*Rage}
rNeg    + . .        h - +5 robe of Misfortune {Harm *Corrode *Slow EV+5}
rPois   .            (no helmet)
rElec   .            E - +0 cloak
rCorr   .            (no gloves)
SInv    .            (no boots)
Will    .....        j - amulet of guardian spirit
Stlth   ++++++++     k - +6 ring of dexterity
HPRegen 0.32/turn    t - ring of positive energy
MPRegen 0.12/turn

%: random rage (20%), corrode self (3%), slow self (1%), harm (+30% outgoing,
+20% incoming), guardian spirit
@: lethally poisoned (-4 -> -17), wreathed by umbra, very slow
A: thin skeletal structure 2, powered by death 2, powered by pain 1, demonic
touch 1
a: Renounce Religion


You were on level 9 of the Dungeon.
You worshipped Dithmenos.
Dithmenos was aware of your devotion.
You visited 2 branches of the dungeon, and saw 10 of its levels.

You collected 598 gold pieces.

Inventory:

Hand Weapons
 c - a +3 dagger of venom (weapon)
Missiles
 f - 85 stones
 A - 13 poisoned darts
Armour
 e - an orb of wrath (worn)
 h - the +5 robe of Misfortune (worn) {Harm *Corrode *Slow EV+5}
   (You found it on level 2 of the Dungeon)

   EV+5:      It affects your evasion (+5).
   *Corrode:  It may corrode you when you take damage.
   *Slow:     It may slow you when you take damage.
   Harm:      It increases damage dealt and taken.
 E - a +0 cloak (worn)
Magical Staves
 o - a staff of fire
Jewellery
 a - a ring of wizardry
 j - an amulet of guardian spirit (around neck)
 k - a +6 ring of dexterity (left hand)
 m - a ring of protection from fire
 s - a ring of see invisible
 t - a ring of positive energy (right hand)
 w - a +6 ring of intelligence
 y - a ring of positive energy
 z - an amulet of reflection
Wands
 b - a wand of flame (40)
 v - a wand of roots (16)
 D - a wand of quicksilver (5)
 F - a wand of digging (5)
 J - a wand of paralysis (13)
Scrolls
 p - 2 scrolls of blinking
 u - 2 scrolls of teleportation
 B - 2 scrolls of noise
 C - a scroll of amnesia
 G - 2 scrolls of poison
 I - a scroll of revelation
Potions
 d - 2 potions of might
 g - a potion of degeneration
 i - a potion of heal wounds
 l - 3 potions of curing (quivered)
 n - a potion of mutation
 q - a potion of attraction
 r - 2 potions of lignification
 x - a potion of berserk rage
 H - a potion of experience {unknown}
 K - a potion of resistance {unknown}


   Skills:
 + Level 5.6 Fighting
 * Level 8.5 Short Blades
 - Level 2.1 Axes
 + Level 3.2 Armour
 + Level 5.4 Dodging
 * Level 8.8 Stealth
 - Level 3.0 Shields


You had 9 spell levels left.
You didn't know any spells.
Your spell library contained the following spells:

 Spells                   Type           Power      Damage    Failure   Level
 Apportation              Tloc           0%         N/A       43%         1
 Magic Dart               Conj           0%         1d3       43%         1
 Necrotise                Necr           0%         1d4       43%         1
 Sting                    Conj/Alch      0%         1d3       43%         1
 Summon Small Mammal      Summ           0%         N/A       43%         1
 Cigotuvi's Dreadful Rot  Necr/Alch/Air  0%         N/A       56%         2
 Mercury Vapours          Alch/Air       0%         N/A       56%         2
 Searing Ray              Conj           0%         2d4       56%         2
 Mephitic Cloud           Conj/Alch/Air  0%         N/A       80%         3
 Dispel Undead            Necr           0%         3d6       99%         4
 Fulminant Prism          Conj/Alch      0%         3d5       99%         4
 Martyr's Knell           Necr/Summ      0%         N/A       99%         4
 Freezing Cloud           Conj/Ice/Air   0%         6-21      100%        5


Dungeon Overview and Level Annotations

Branches:
Dungeon (9/15)             Temple (1/1) D:6            Lair (0/5) D:8
    Orc: D:9-12

Altars:
Ashenzari
Cheibriados
Dithmenos
Fedhas
Gozag
Hepliaklqana
Kikubaaqudgha
Makhleb
Okawaru
Qazlal
Ru
Sif Muna
Trog
Uskayaw
Vehumet
Wu Jian
Xom
Yredelemnul

Shops:
D:6 (

Annotations:
D:6 3 runed translucent doors, bronco's ghost, novice MDFE


Innate Abilities, Weirdness & Mutations

You have a moderately thin skeletal structure. (Dex +4, Stealth++)
You regenerate health from kills.
You sometimes gain a little power by taking damage.
Your touch may inflict minor irresistible damage on your foes.


Message History

The boulder beetle bites you.
The howler monkey hoots and howls with incredible vigour!
You hear a shout!
You hear a howl!
You hear a bellow! x2
You hit the gnoll.
The gnoll is almost dead.
The boulder beetle looks more healthy.
The gnoll completely misses you.
You hit the gnoll.
You kill the gnoll!
Dithmenos accepts your kill. The boulder beetle closely misses you.
Found a potion of lignification.
Your surroundings seem slightly different.
The howler monkey hoots and howls with incredible vigour!
The centaur warrior throws a poisoned dart.
The poisoned dart hits you!
You are poisoned.
You hear a howl!
Found a sling.
You feel very sick.
The centaur warrior throws a poisoned dart.
The poisoned dart completely misses you.
The boulder beetle leaps!
The centaur warrior unwields a +0 mace.
The centaur warrior wields a +0 shortbow.
The centaur warrior shoots an arrow.
The arrow hits you!!
You feel very sick.
The centaur warrior throws a poisoned dart.
The poisoned dart hits you!
You are more poisoned.
Found 4 stones.
You feel very sick.
The centaur warrior throws a poisoned dart.
The poisoned dart hits you!
You are more poisoned.
An efreet comes into view.
It is wielding a +4 scimitar of flaming and carrying a wand of roots.
Found a scroll of brand weapon and a wand of digging (5).
* * * LOW HITPOINT WARNING * * *
You feel very sick. The efreet gestures at you.
The fireball explodes!
The fireball engulfs you!!
You die...

#########
#######.......#
............#.
#@###...# #.#.##.#.#
#.#.#.#.#.#
...#(#...#.# #.#
#.#.#.#.# .R.
.#.##c..# #°# #.#
#.h.# °? ..#. #.#.#
#.###.#h#.##########


You could see a centaur warrior, an efreet and a howler monkey (poisoned).

Vanquished Creatures
  Maurice (D:7)
  Joseph (D:7)
  3 blink frogs (D:8)
  A vampire (D:9)
  3 yaks (D:8)
  A black bear (D:5)
  2 orc warriors
  2 sky beasts (D:7)
  3 ogres
  2 centaurs (D:6)
  A phantom (D:7)
  2 kobold brigands
  7 bullfrogs
  A gnoll sergeant (D:9)
  A scorpion (D:7)
  6 killer bees (D:8)
  3 howler monkeys (D:7)
  4 bombardier beetles
  A jelly (D:7)
  4 hounds
  A sleepcap (D:8)
  4 orc priests
  Crazy Yiuf (D:7)
  5 iguanas
  Natasha (thrice) (D:4)
  7 orc wizards
  Robin (D:4)
  6 gnolls
  3 adders
  2 shadow imps
  5 white imps
  7 ufetubi
  3 dart slugs
  3 ribbon worms
  13 orcs
  9 bats
  13 endoplasms
  2 giant cockroaches
  14 goblins
  5 hobgoblins
  5 jackals
  4 quokkas
  8 ball pythons
  8 frilled lizards
  14 kobolds
  4 rats (D:2)
199 creatures vanquished.

Vanquished Creatures (others)
  A shadow (D:9)
1 creature vanquished.

Grand Total: 200 creatures vanquished

Notes
Turn   | Place    | Note
-------+----------+-------------------------------------------
     0 | D:1      | MachoJfn the Demonspawn Fighter began the quest for the
                  | Orb.
     0 | D:1      | Reached XP level 1. HP: 18/18 MP: 1/1
    82 | D:1      | Gained mutation: You have a somewhat thin skeletal
                  | structure. (Dex +2, Stealth+) [demonic ancestry]
    82 | D:1      | Reached XP level 2. HP: 20/24 MP: 2/2
   761 | D:2      | Reached XP level 3. HP: 26/29 MP: 3/3
  1050 | D:2      | Found the +5 robe of Misfortune {Harm *Corrode *Slow EV+5}
  1163 | D:2      | Reached skill level 1 in Short Blades
  1202 | D:2      | Reached skill level 1 in Stealth
  1372 | D:2      | Gained mutation: You regenerate a little health from kills.
                  | [demonic ancestry]
  1372 | D:2      | Reached XP level 4. HP: 35/35 MP: 4/4
  2203 | D:3      | Found a hide-covered altar of Uskayaw.
  2228 | D:3      | Found a blossoming altar of Fedhas.
  3221 | D:4      | Noticed Natasha
  3418 | D:4      | Killed Natasha
  3419 | D:4      | Gained mutation: Your touch may inflict minor irresistible
                  | damage on your foes. [demonic ancestry]
  3419 | D:4      | Reached XP level 5. HP: 41/41 MP: 5/5
  3513 | D:4      | Reached skill level 1 in Dodging
  3691 | D:4      | Noticed Robin
  3705 | D:4      | Killed Robin
  3794 | D:4      | Gained mutation: You sometimes gain a little power by
                  | taking damage. [demonic ancestry]
  3794 | D:4      | Reached XP level 6. HP: 47/47 MP: 6/6
  3924 | D:4      | Identified the +0 ring mail of the Farrier {Slay+3}
  4001 | D:4      | Found a basalt altar of Yredelemnul.
  4219 | D:4      | Found a radiant altar of Vehumet.
  4298 | D:4      | Found a snail-covered altar of Cheibriados.
  4308 | D:4      | Became a worshipper of Cheibriados the Contemplative
  4323 | D:4      | Noticed Natasha
  4331 | D:4      | Killed Natasha
  4350 | D:4      | Noticed Natasha
  4357 | D:4      | Killed Natasha
  4501 | D:5      | Entered Level 5 of the Dungeon
  4695 | D:5      | Reached XP level 7. HP: 52/52 MP: 7/7
  5209 | D:5      | Found a shimmering blue altar of Sif Muna.
  5547 | D:6      | Found Rumis's Antique Weapon Shoppe.
  5558 | D:6      | Reached * piety under Cheibriados
  5608 | D:6      | Reached skill level 5 in Short Blades
  5608 | D:6      | Gained mutation: You have a moderately thin skeletal
                  | structure. (Dex +4, Stealth++) [demonic ancestry]
  5608 | D:6      | Reached XP level 8. HP: 60/60 MP: 8/8
  5655 | D:6      | Found a staircase to the Ecumenical Temple.
  6067 | D:6      | Reached skill level 5 in Stealth
  6220 | D:6      | Found a runed translucent gate.
  6221 | D:6      | Found a runed translucent gate.
  6222 | D:6      | Found a runed translucent gate.
  6224 | D:6      | Noticed bronco's ghost (novice MDFE)
  6231 | Temple   | Entered the Ecumenical Temple
  7023 | D:7      | Found a shadowy altar of Dithmenos.
  7073 | D:7      | Fell from the grace of Cheibriados
  7073 | D:7      | Became a worshipper of Dithmenos the Shadowed
  8270 | D:7      | Noticed Maurice
  8314 | D:7      | Killed Maurice
  8315 | D:7      | Gained mutation: You regenerate health from kills. [demonic
                  | ancestry]
  8315 | D:7      | Reached XP level 9. HP: 66/66 MP: 9/9
  8368 | D:7      | Noticed Joseph
  8390 | D:7      | Killed Joseph
  8844 | D:7      | Found a runed translucent door.
  8845 | D:7      | Noticed Crazy Yiuf
  9191 | D:7      | Killed Crazy Yiuf
  9192 | D:7      | Reached skill level 5 in Fighting
  9631 | D:8      | Reached skill level 5 in Dodging
  9631 | D:8      | Reached XP level 10. HP: 74/74 MP: 8/10
  9675 | D:8      | Found a staircase to the Lair.
  9744 | D:8      | Reached * piety under Dithmenos
 10308 | D:9      | Noticed a boulder beetle
 10334 | D:9      | Noticed a centaur warrior
 10347 | D:9      | Killed from afar by an efreet

Illustrated notes

Levels and vault maps discovered:
D:1:      minmay_arrival_semitransparent, layout_rooms, fountainhead
D:2:      layout_loops_ring, kennysheep_minor_cross, minmay_hedge_maze,
          chequers_hall_statues_y, minmay_fractal_squares_gapless_5
D:3:      layout_loops_corners, mainiacjoe_overflow_chevrons, fedhas_altar_3
D:4:      layout_loops_ring, nicolae_overflow_crystal_walls, marbit_many_paths,
          mainiacjoe_overflow_cross_hatched, serial_demonic, serial_demonic_f,
          serial_demonic_b, serial_demonic_b, serial_demonic_f, uniq_natasha,
          uniq_robin
D:5:      layout_basic, lemuel_blue_sif_altar, minmay_diced_spiral
D:6:      layout_layer_cave, minmay_temple_entry_sparse_star, serial_shops,
          nicolae_shop_overgrown_old_shop, ebering_ghost_rock_garden
D:7:      layout_loops_ring, mainiacjoe_overflow_brackets, uniq_joseph,
          uniq_maurice, uniq_crazy_yiuf_cottage
D:8:      layout_loops_cross, dpeg_lair_monsters
D:9:      minmay_the_grid_square_5x5_4x4
          [minmay_the_grid_square_5x5_eight_small,
          minmay_the_grid_square_5x5_bracketed,
          minmay_the_grid_square_5x5_intrusive_squares,
          minmay_the_grid_square_5x5_two_walls_b,
          minmay_the_grid_square_5x5_trominoes,
          minmay_the_grid_square_5x5_prize_junk,
          minmay_the_grid_square_5x5_prize_pseudospiral,
          minmay_the_grid_square_5x5_v, minmay_the_grid_square_5x5_percent,
          minmay_the_grid_square_5x5_prize_open,
          minmay_the_grid_square_5x5_prize_waves,
          minmay_the_grid_square_5x5_tri_point, minmay_the_grid_square_5x5_meh,
          minmay_the_grid_square_5x5_bridge, minmay_the_grid_square_5x5_n,
          minmay_the_grid_square_5x5_plus], layout_rooms, kennysheep_little_box,
          dreamdust_wishing_well, roderic_roman_lattice,
          introduction_to_nature_1
Temple:   dpeg_chambers_temple

Skill      XL: |  1  2  3  4  5  6  7  8  9 |
---------------+----------------------------+-----
Axes           | 2 |  2.1
Shields        | 3 |  3.0
Armour         | 3 |  3.2
Short Blades   | 1 2 3 5 6 8 |  8.5
Stealth        | 1 2 3 4 6 8 |  8.8
Dodging        | 1 2 3 4 5 |  5.4
Fighting       | 4 5 |  5.6

Action                     |  1- 3 |  4- 6 |  7- 9 | 10-12 || total
---------------------------+-------+-------+-------+-------++-------
  Melee: War axe           |    39 |       |       |       ||    39
         Short sword       |    40 |       |       |       ||    40
         Dagger            |    78 |   168 |   209 |    90 ||   545
    Use: Scroll            |     2 |     9 |     4 |     4 ||    19
         Potion            |       |       |     1 |       ||     1
   Stab: Sleeping          |     4 |    10 |    11 |     4 ||    29
 Armour: Scale mail        |    66 |       |       |       ||    66
         Robe              |     4 |    95 |   110 |    47 ||   256
  Dodge: Dodged            |    44 |   192 |   178 |    94 ||   508
  Block: Buckler           |    11 |       |       |       ||    11

Table legend: (Time is in decaauts)
 A = Elapsed time spent in this place.
 B = Non-inter-level travel time spent in this place.
 C = Inter-level travel time spent in this place.
 D = Time resting spent in this place.
 E = Time spent auto-exploring this place.
 F = Levels seen in this place.
 G = Mean time per level.
                   A        B        C        D        E       F      G
               +--------+--------+--------+--------+--------+-----+--------+
         Total |  11986 |  10893 |   1093 |   3783 |   5161 |  10 | 1198.6 |
       Dungeon |  11858 |  10788 |   1070 |   3783 |   5161 |   9 | 1317.6 |
        Temple |    128 |    106 |     22 |      0 |      0 |   1 |  128.0 |
               +--------+--------+--------+--------+--------+-----+--------+

Top non-repeatable levels by time:
     D:7: 2899 daAuts
     D:6: 1765 daAuts
     D:2: 1554 daAuts
     D:3: 1343 daAuts
     D:4: 1288 daAuts
     D:8: 1173 daAuts
     D:5: 1124 daAuts
     D:1: 616 daAuts
  Temple: 128 daAuts
     D:9: 93 daAuts
